 Dungeon Sprint DCSS version 0.29-a0-717-g6dac4ea423 (webtiles) character file.

Game seed: 10696758131534485297

19672 mhtbhm the Imperceptible (level 12, -3/89 HPs)
             Began as a Vampire Enchanter on June 26, 2022.
             Was the Champion of Dithmenos.
             Killed from afar by a hell knight (32 damage)
             ... with a bolt of fire
             ... in the Dungeon (Sprint IX: "|||||||||||||||||||||||||||||").
             The game lasted 00:11:50 (3378 turns).

mhtbhm the Imperceptible (Vampire Enchanter)        Turns: 3378, Time: 00:11:50

Health: -3/89      AC: 15    Str:  7    XL:     12   Next: 38%
Magic:  18/26      EV: 20    Int: 17    God:    Dithmenos [******]
Gold:   813        SH:  0    Dex: 29    Spells: 21/32 levels left

rFire   . . .      SeeInvis +   a - +2 rapier (venom)
rCold   . . .      Faith    .   (no shield)
rNeg    . . .      Spirit   .   b - +0 troll leather armour
rPois   .          Reflect  .   B - +1 helmet
rElec   .          Harm     .   l - +0 cloak
rCorr   .          Rampage  .   w - +1 pair of gloves
Will    +....      NoTele   +   k - +2 pair of boots "Vyrphyep" {Dex+3 SInv} Stlth *********+
                                (no amulet)
HPRegen 1.24/turn               o - +6 ring of dexterity
MPRegen 0.20/turn               n - +2 ring of protection

@: healing quickly, hasted, wreathed by umbra, very quick
A: alive, fangs 3, see invisible, vampiric 2
a: Exsanguinate, Renounce Religion, Shadow Step, Shadow Form


You were in the Dungeon.
You worshipped Dithmenos.
Dithmenos was exalted by your worship.
You visited 1 branch You collected 1945 gold pieces.
You spent 1132 gold pieces at shops.

Inventory:

Hand Weapons
 a - a +2 rapier of venom (weapon)
Missiles
 m - 4 curare-tipped darts
 r - 4 javelins (quivered)
Armour
 b - a +0 troll leather armour (worn)
 k - the +2 pair of boots "Vyrphyep" (worn) {Dex+3 SInv}
   (You found it in the Dungeon)

   Dex:       It affects your dexterity (+3).
   SInv:      It lets you see invisible.
 l - a +0 cloak (worn)
 w - a +1 pair of gloves (worn)
 B - a +1 helmet (worn)
Jewellery
 n - a +2 ring of protection (right hand)
 o - a +6 ring of dexterity (left hand)
 y - a ring of ice
 z - a ring of fire
 A - a ring of willpower
Wands
 x - a wand of iceblast (5)
Scrolls
 h - 2 scrolls of amnesia
 i - 4 scrolls of blinking
 j - 4 scrolls of identify
 q - 4 scrolls of enchant armour
 t - 3 scrolls of fog
 u - a scroll of immolation {unknown}
 C - a scroll of fear
Potions
 c - 3 potions of invisibility
 d - 8 potions of curing
 e - 3 potions of mutation
 f - 2 potions of heal wounds
 g - 3 potions of magic
 p - a potion of might
 s - a potion of haste
 v - a potion of ambrosia


   Skills:
 + Level 6.8 Fighting
 + Level 12.6 Short Blades
 + Level 3.7 Armour
 + Level 9.4 Dodging
 + Level 25.0 Stealth
 + Level 10.6 Spellcasting
 + Level 2.1 Conjurations
 + Level 16.5 Hexes
 + Level 7.3 Ice Magic
 * Level 13.0 Invocations
 + Level 2.9 Evocations


You had 21 spell levels left.
You knew the following spells:

 Your Spells              Type           Power      Damage    Failure   Level
a - Ensorcelled Hibernat  Hex/Ice        98%        N/A       1%          2
b - Confusing Touch       Hex            60%        N/A       1%          3
c - Tukima's Dance        Hex            60%        N/A       1%          3
d - Dazzling Flash        Conj/Hex       80%        N/A       1%          3

Your spell library contained the following spells:

 Spells                   Type           Power      Damage    Failure   Level


Dungeon Overview and Level Annotations

Branches:
Dungeon (1/1)

Altars:
Cheibriados
Dithmenos
Elyvilon
Fedhas
Gozag
Hepliaklqana
Kikubaaqudgha
Makhleb
Nemelex Xobeh
Okawaru
Qazlal
Ru
Sif Muna
Trog
Uskayaw
Vehumet
Wu Jian
Xom
Yredelemnul
Zin
The Shining One
Beogh
Jiyva
Lugonu

Shops:
D !*[[


Innate Abilities, Weirdness & Mutations

Your natural rate of healing is accelerated.
You have razor-sharp teeth.
You have supernaturally acute eyesight. (SInv)
You are afflicted with vampirism and can become a bat while bloodless.


Message History

The vampire mage flickers and vanishes for a moment.
The hell knight utters an invocation to its god.
The hell knight seems to speed up.
Unknown command.
You barely miss the hell knight.
The hell knight is moderately wounded.
Your shadow hits the hell knight with a rapier.
The hell knight hits you with a +2 demon blade of pain!!
You emit a cloud of dark smoke.
You writhe in agony.
* * * LOW HITPOINT WARNING * * *
Unknown command.
The hell knight attacks as you move away!
The hell knight hits you with a +2 demon blade of pain!
* * * LOW HITPOINT WARNING * * *
The hell knight calls down the wrath of its god upon you.
The bolt of fire misses you.
You feel much better.
The hell knight hits you with a +2 demon blade of pain!!
* * * LOW HITPOINT WARNING * * *
You emit a cloud of dark smoke.
The hell knight attacks as you move away!
The hell knight completely misses you.
Blink to where?
Press: ? - help, Dir - move target
As you read the scroll of blinking, it crumbles to dust.
The hell knight invokes the aid of its god against you.
The bolt of fire misses you.
You feel yourself speed up.
The hell knight mumbles some strange prayers to its god against you.
The bolt of fire misses you.
You see here a +3 chain mail.
You see here +1 fire dragon scales.
You see here +1 fire dragon scales.
You see here a +0 pair of boots.
You see here a +3 ring mail of poison resistance.
You see here a +3 chain mail.
You see here the +11 plate armour of Bitterness {rF+ Dex+3}.
The hell knight calls down the wrath of its god upon you.
The bolt of fire hits you!!
You die...

▓▓▓▓▓▓▓▓▓▓▓▓▓▓▓▓▓▓▓▓▓▓▓▓▓▓▓▓▓▓▓▓▓
§§....V[.[[[p[[.@)))))))..=..'...
▓▓▓▓▓▓▓▓▓▓▓▓▓▓▓▓▓▓▓▓▓▓▓▓▓▓▓▓▓▓▓▓▓
..........)......................
▓▓▓▓▓▓▓▓▓▓▓▓▓▓▓▓▓▓▓▓▓▓▓▓▓▓▓▓▓▓▓▓▓
...))))))))).))..)...).))'.......
▓▓▓▓▓▓▓▓▓▓▓▓▓▓▓▓▓▓▓▓▓▓▓▓▓▓▓▓▓▓▓▓▓
.................)....).)....))..
▓▓▓▓▓▓▓▓▓▓▓▓▓▓▓▓▓▓▓▓▓▓▓▓▓▓▓▓▓▓▓▓▓
.......†.÷......÷'=............'.


You could see a hell knight (fast, poisoned).

Vanquished Creatures
  A dire elephant (D)
  A boulder beetle (D)
  A catoblepas (D)
  A centaur warrior (D)
  Urug (D)
  An orc high priest (D)
  Sonja (D)
  2 skeletal warriors (D)
  9 orc knights (D)
  2 ugly things (D)
  7 elephants (D)
  Maurice (D)
  2 komodo dragons (D)
  4 cane toads (D)
  2 rime drakes (D)
  An efreet (D)
  A troll (D)
  2 blink frogs (D)
  A wind drake (shapeshifter) (D)
  A slime creature (D)
  A shadow (D)
  2 wraiths (D)
  A fire bat (shapeshifter) (D)
  A wyvern (D)
  Grum (D)
  3 water moccasins (D)
  19 orc warriors (D)
  A centaur (D)
  4 wolves (D)
  5 bullfrogs (D)
  A scorpion (D)
  A howler monkey (D)
  A hound (D)
  2 orc priests (D)
  4 orc wizards (D)
  A white imp (D)
  6 orcs (D)
  A hobgoblin (D)
  A quokka (D)
  A frilled lizard (D)
  2 kobolds (D)
101 creatures vanquished.

Vanquished Creatures (others)
  A cyclops (D)
1 creature vanquished.

Grand Total: 102 creatures vanquished

Notes
Turn   | Place    | Note
-------+----------+-------------------------------------------
     0 | D        | mhtbhm the Vampire Enchanter began the quest for the Orb.
     0 | D        | Reached XP level 1. HP: 13/13 MP: 3/3
    12 | D        | Reached skill level 5 in Hexes
    13 | D        | Reached skill level 5 in Stealth
   327 | D        | Noticed an orc wizard
   327 | D        | Noticed an orc wizard
   327 | D        | Noticed a scorpion
   327 | D        | Noticed a hound
   333 | D        | Killed a hound
   334 | D        | Reached skill level 6 in Stealth
   334 | D        | Reached XP level 2. HP: 20/20 MP: 4/6
   334 | D        | Gained mutation: You are afflicted with vampirism and can
                  | become a bat while bloodless. [Vampire growth]
   334 | D        | Reached XP level 3. HP: 25/25 MP: 4/7
   341 | D        | Killed a scorpion
   342 | D        | Reached skill level 1 in Fighting
   342 | D        | Reached skill level 8 in Stealth
   342 | D        | Reached XP level 4. HP: 30/32 MP: 4/9
   362 | D        | Found a snail-covered altar of Cheibriados.
   362 | D        | Found a shadowy altar of Dithmenos.
   362 | D        | Found a blossoming altar of Fedhas.
   362 | D        | Found an opulent altar of Gozag.
   363 | D        | Found a hazy altar of Hepliaklqana.
   364 | D        | Found a viscous altar of Jiyva.
   365 | D        | Found an ancient bone altar of Kikubaaqudgha.
   366 | D        | Found a corrupted altar of Lugonu.
   367 | D        | Found a burning altar of Makhleb.
   369 | D        | Became a worshipper of Dithmenos the Shadowed
   371 | D        | Found a sparkling altar of Nemelex Xobeh.
   372 | D        | Found an iron altar of Okawaru.
   373 | D        | Found a stormy altar of Qazlal.
   374 | D        | Found a sacrificial altar of Ru.
   375 | D        | Found a shimmering blue altar of Sif Muna.
   376 | D        | Found a bloodstained altar of Trog.
   377 | D        | Found a hide-covered altar of Uskayaw.
   378 | D        | Found a radiant altar of Vehumet.
   379 | D        | Found an ornate altar of the Wu Jian Council.
   380 | D        | Found a shimmering altar of Xom.
   381 | D        | Found a basalt altar of Yredelemnul.
   630 | D        | Learned a level 2 spell: Ensorcelled Hibernation
   634 | D        | Learned a level 3 spell: Confusing Touch
   638 | D        | Learned a level 3 spell: Tukima's Dance
   638 | D        | Noticed a shadow
   638 | D        | Noticed a wraith
   638 | D        | Noticed a centaur
   638 | D        | Noticed a troll
   638 | D        | Noticed a wyvern
   640 | D        | Killed a wyvern
   641 | D        | Reached skill level 5 in Dodging
   641 | D        | Reached skill level 10 in Stealth
   641 | D        | Reached XP level 5. HP: 38/38 MP: 9/11
   641 | D        | Reached XP level 6. HP: 44/44 MP: 9/12
   643 | D        | Killed a troll
   644 | D        | Reached skill level 11 in Stealth
   644 | D        | Reached skill level 10 in Hexes
   645 | D        | Reached * piety under Dithmenos
   646 | D        | Reached skill level 12 in Stealth
   646 | D        | Reached XP level 7. HP: 50/52 MP: 7/14
   651 | D        | Killed a wraith
   652 | D        | Reached skill level 5 in Spellcasting
   652 | D        | Reached skill level 5 in Invocations
   658 | D        | Killed a shadow
   658 | D        | Reached ** piety under Dithmenos
   659 | D        | Reached skill level 13 in Stealth
   811 | D        | Learned a level 3 spell: Dazzling Flash
   828 | D        | Noticed a slime creature
   828 | D        | Noticed a wraith
   828 | D        | Noticed a white ugly thing
   828 | D        | Noticed a skeletal warrior
   828 | D        | Noticed a skeletal warrior
   837 | D        | Killed a skeletal warrior
   838 | D        | Reached skill level 14 in Stealth
   838 | D        | Reached XP level 8. HP: 45/60 MP: 11/16
   886 | D        | Killed a skeletal warrior
   887 | D        | Reached skill level 15 in Stealth
   887 | D        | Reached skill level 1 in Evocations
   887 | D        | Reached XP level 9. HP: 16/66 MP: 7/17
   891 | D        | Killed a white ugly thing
   891 | D        | Reached *** piety under Dithmenos
   892 | D        | Reached skill level 1 in Armour
   904 | D        | Reached skill level 16 in Stealth
   908 | D        | Reached skill level 5 in Fighting
  1059 | D        | Noticed a rime drake
  1059 | D        | Noticed a cane toad
  1059 | D        | Noticed a cane toad
  1063 | D        | Reached **** piety under Dithmenos
  1065 | D        | Noticed a komodo dragon
  1068 | D        | Noticed a komodo dragon
  1069 | D        | Killed a cane toad
  1071 | D        | Killed a cane toad
  1072 | D        | Reached skill level 10 in Short Blades
  1072 | D        | Reached skill level 17 in Stealth
  1074 | D        | Killed a rime drake
  1075 | D        | Reached skill level 1 in Ice Magic
  1076 | D        | Reached ***** piety under Dithmenos
  1079 | D        | Reached XP level 10. HP: 73/74 MP: 1/20
  1370 | D        | Reached skill level 18 in Stealth
  1387 | D        | Noticed a cane toad
  1397 | D        | Noticed a cane toad
  1402 | D        | Killed a cane toad
  1403 | D        | Reached skill level 19 in Stealth
  1408 | D        | Reached ****** piety under Dithmenos
  1422 | D        | Killed a cane toad
  1617 | D        | Noticed an elephant
  1617 | D        | Noticed an elephant
  1617 | D        | Noticed an elephant
  1617 | D        | Noticed an elephant
  1617 | D        | Noticed an elephant
  1617 | D        | Noticed an elephant
  1618 | D        | Noticed an elephant
  1619 | D        | Killed an elephant
  1620 | D        | Noticed a dire elephant
  1621 | D        | Killed an elephant
  1622 | D        | Reached skill level 10 in Invocations
  1625 | D        | Killed an elephant
  1633 | D        | Killed an elephant
  1634 | D        | Reached skill level 20 in Stealth
  1639 | D        | Killed a dire elephant
  1640 | D        | Reached skill level 1 in Conjurations
  1640 | D        | Reached XP level 11. HP: 45/81 MP: 11/23
  1955 | D        | Noticed Urug
  1962 | D        | Killed Urug
  1963 | D        | Reached skill level 21 in Stealth
  1963 | D        | Reached skill level 15 in Hexes
  2018 | D        | Noticed an orc high priest
  2032 | D        | Killed an orc high priest
  2286 | D        | Noticed an orc knight
  2287 | D        | Noticed an orc knight
  2289 | D        | Reached skill level 5 in Ice Magic
  2289 | D        | Noticed an orc knight
  2290 | D        | Killed an orc knight
  2301 | D        | Noticed an orc knight
  2303 | D        | Reached skill level 22 in Stealth
  2304 | D        | Killed an orc knight
  2306 | D        | Killed an orc knight
  2315 | D        | Killed an orc knight
  2540 | D        | Found Ucvizape's Armour Boutique.
  2540 | D        | Noticed an orc knight
  2540 | D        | Noticed an orc knight
  2540 | D        | Noticed an orc knight
  2542 | D        | Killed an orc knight
  2546 | D        | Killed an orc knight
  2547 | D        | Reached skill level 23 in Stealth
  2551 | D        | Found Beiqoire's Antique Armour Shop.
  2554 | D        | Killed an orc knight
  2613 | D        | Noticed an orc knight
  2619 | D        | Killed an orc knight
  2652 | D        | Noticed an orc knight
  2660 | D        | Killed an orc knight
  2661 | D        | Reached skill level 10 in Spellcasting
  2661 | D        | Reached XP level 12. HP: 89/89 MP: 15/26
  2665 | D        | Found Fuvoyps's Assorted Antiques.
  2680 | D        | Found Hedwajak's Distillery.
  2721 | D        | Bought a potion of mutation for 168 gold pieces
  2721 | D        | Bought a scroll of blinking for 157 gold pieces
  2721 | D        | Bought a potion of curing for 63 gold pieces
  2721 | D        | Bought a scroll of blinking for 157 gold pieces
  2723 | D        | Bought a potion of might for 48 gold pieces
  2723 | D        | Bought a potion of haste for 120 gold pieces
  2723 | D        | Bought a potion of curing for 36 gold pieces
  2723 | D        | Bought a potion of heal wounds for 60 gold pieces
  2723 | D        | Bought a potion of curing for 36 gold pieces
  2725 | D        | Bought a scroll labelled PEUK PYCKYQUA for 21 gold pieces
  2725 | D        | Bought a scroll labelled ZEOMOE EPOS for 21 gold pieces
  2735 | D        | Bought a potion of ambrosia for 96 gold pieces
  2743 | D        | Bought a +1 pair of gloves for 149 gold pieces
  2907 | D        | Noticed Sonja
  2914 | D        | Killed Sonja
  2915 | D        | Reached skill level 24 in Stealth
  2915 | D        | Noticed Grum
  2922 | D        | Killed Grum
  2961 | D        | Noticed Maurice
  2968 | D        | Killed Maurice
  3049 | D        | Got the +2 pair of boots "Vyrphyep" {Dex+3 SInv}
  3117 | D        | Noticed a catoblepas
  3117 | D        | Noticed a boulder beetle
  3117 | D        | Noticed a centaur warrior
  3126 | D        | Noticed a stone giant
  3163 | D        | Killed a centaur warrior
  3327 | D        | Killed a boulder beetle
  3330 | D        | Reached skill level 25 in Stealth
  3350 | D        | Killed a catoblepas
  3355 | D        | Noticed a vampire mage
  3378 | D        | Killed from afar by a hell knight

Illustrated notes

Levels and vault maps discovered:
D:        linesprint [early_d, line_temple, items_1, d_10, items_2, lair_1,
          lair_end, items_3, orc_1, orc_end, items_4, d_15, swamp_1, shoals_1,
          snake_1, spider_1, d_20, vaults_1, items_5, swamp_end, shoals_end,
          snake_end, spider_end, vaults_end, d_27, items_6, zot_1, zot_end,
          crypt_end, forest_end, elf_end, slime_end, tomb_end, abyss_end,
          pan_hell_end]

Skill      XL: |  1  2  3  4  5  6  7  8  9 10 11 12 |
---------------+-------------------------------------+-----
Hexes          | 6 8 9 11 12 13 14 16 | 16.5
Stealth        | 6 8 10 12 14 15 17 20 23 25 | 25.0
Short Blades   | 2 3 4 6 8 9 10 11 12 | 12.6
Dodging        | 3 4 5 6 7 8 9 |  9.4
Spellcasting   | 3 4 5 6 8 10 | 10.6
Fighting       | 1 2 3 4 5 6 |  6.8
Invocations    | 2 4 6 7 8 10 12 13 | 13.0
Evocations     | 1 2 |  2.9
Armour         | 2 3 |  3.7
Ice Magic      | 1 4 6 7 |  7.3
Conjurations   | 1 2 |  2.1

Action                   |  1- 3 |  4- 6 |  7- 9 | 10-12 || total
-------------------------+-------+-------+-------+-------++-------
Melee: Dagger            |    35 |     7 |       |       ||    42
       Bite              |     3 |     1 |     9 |    15 ||    28
       Rapier            |       |     3 |    50 |   147 ||   200
       Punch             |       |       |     2 |     1 ||     3
 Cast: Ensorcelled Hiber |       |     1 |     8 |    59 ||    68
       Dazzling Flash    |       |       |     4 |    20 ||    24
       Confusing Touch   |       |       |     4 |     3 ||     7
Invok: Shadow Step       |       |       |       |     1 ||     1
Evoke: Wand              |       |       |    10 |       ||    10
  Use: Potion            |     2 |       |     7 |     8 ||    17
       Scroll            |       |       |       |     2 ||     2
 Stab: Sleeping          |     1 |     3 |     8 |    43 ||    55
       Confused          |       |       |     3 |     2 ||     5
       Invisible         |       |       |     7 |    20 ||    27
       Distracted        |       |       |       |     1 ||     1
Armor: Robe              |       |     1 |       |       ||     1
       Troll leather arm |       |       |     2 |    22 ||    24
Dodge: Dodged            |    17 |     4 |    20 |    93 ||   134

Table legend: (Time is in decaauts)
 A = Elapsed time spent in this place.
 B = Non-inter-level travel time spent in this place.
 C = Inter-level travel time spent in this place.
 D = Time resting spent in this place.
 E = Time spent auto-exploring this place.
 F = Levels seen in this place.
 G = Mean time per level.
                   A        B        C        D        E       F      G
               +--------+--------+--------+--------+--------+-----+--------+
         Total |   3300 |   3300 |      0 |   1704 |    460 |   1 | 3300.0 |
       Dungeon |   3300 |   3300 |      0 |   1704 |    460 |   1 | 3300.0 |
               +--------+--------+--------+--------+--------+-----+--------+

Top non-repeatable levels by time:
       D: 3300 daAuts
